 Dungeon Crawl Stone Soup version 0.16-a0-4108-g6e49b0d (webtiles) character file.

658 Chiseanne the Skirmisher (level 7, -1/56 HPs)
             Began as a Mummy Monk on Feb 26, 2015.
             Was an Initiate of Gozag.
             Slain by a hell rat (10 damage)
             ... on level 5 of the Dungeon.
             The game lasted 00:14:54 (6188 turns).

Chiseanne the Skirmisher (Mummy Monk)               Turns: 6188, Time: 00:14:54

Health: -1/56      AC: 13    Str: 15    XL:     7   Next: 29%
Magic:  8/8        EV: 12    Int:  9    God:    Gozag
Gold:   339        SH:  0    Dex: 15    Spells: 0 memorised, 6 levels left

rFire  x . .     SeeInvis .     a - +0 flail (protect)
rCold  + . .     Clarity  .     f - +1 ring mail
rNeg   + + +     SustAb   .     (no shield)
rPois  ∞         Gourm    .     (no helmet)
rElec  .         Spirit   .     (no cloak)
rCorr  .         Warding  .     o - +0 pair of gloves
rMut   .         Stasis   .     (no boots)
MR     .....                    (no amulet)
Stlth  +.........               (no ring)
                                (no ring)

@: not resistant to hostile enchantments, very unstealthy
A: no food or potions, fire vulnerability, restore body, cold resistance 1,
negative energy resistance 3, poison resistance, torment resistance, unbreathing
a: Potion Petition, Call Merchant, Bribe Branch, Renounce Religion


You were on level 5 of the Dungeon.
You worshipped Gozag.
Gozag was noncommittal.
You were not hungry.

You visited 2 branches of the dungeon, and saw 6 of its levels.
You also visited: Ossuary.

You collected 339 gold pieces.

Inventory:

Hand weapons
 a - a +0 flail of protection (weapon)
Missiles
 b - 31 bolts of frost
 c - 121 stones (quivered)
 d - 89 arrows
 m - 8 needles of frenzy
Armour
 f - a +1 ring mail (worn)
 o - a +0 pair of gloves (worn)
Magical devices
 i - a wand of digging (0)
 k - a wand of paralysis (2)
Scrolls
 e - 7 scrolls of identify
 g - a scroll of amnesia
 h - 2 scrolls of fog
 j - a scroll of enchant armour
 l - 3 scrolls of remove curse
 n - 3 scrolls of magic mapping


   Skills:
 - Level 5.6 Fighting
 * Level 4.2 Armour
 * Level 3.2 Dodging
 - Level 1.5 Stealth
 - Level 3.2 Unarmed Combat
 * Level 1.6 Evocations


You had 6 spell levels left.
You didn't know any spells.

Dungeon Overview and Level Annotations

Branches:
Dungeon (5/15)             Temple (1/1) D:5

Altars:
Ashenzari
Cheibriados
Dithmenos
Elyvilon
Gozag
Kikubaaqudgha
Makhleb
Nemelex Xobeh
Okawaru
Ru
Sif Muna
Trog
Xom
Yredelemnul
Zin
The Shining One
Jiyva


Innate Abilities, Weirdness & Mutations

You do not eat or drink.
Your flesh is vulnerable to fire.
Your flesh is cold resistant.
You are immune to negative energy.
Your system is resistant to poisons.
You are immune to unholy pain and torment.
You can survive without breathing.


Message History

The hell rat bites you but does no damage.
You hit the hell rat.
The hell rat is lightly wounded.
The hell rat barely misses you.
The hell rat bites you but does no damage.
You thump the hell rat!
The hell rat is heavily wounded.
The hell rat bites you!
The rat twitches its whiskers.
The hell rat bites you but does no damage.
You hit the hell rat.
The hell rat is severely wounded.
The hell rat bites you!
You hit the hell rat.
The hell rat is almost dead.
The hell rat bites you!
* * * LOW HITPOINT WARNING * * *
The hell rat bites you!
You die...
Your body crumbles into a pile of gold.

# *,,,,,,,,* #
***,*,,,,,,* ########
***,,,*,,,,,,* .......#
**,,*****,.r,,*
######.# *,***
*##r,,,,* #.#
**,***#r.*,,,,* #.#####
**,r#r#**,,,,*
#...#.#######r##.r#,,**
#.##.#..##.@rr..#*****
######.######..###r..#*
.......# ####*,..#.#
.......# *,,*##.## ***
.###.#.# *,** *#.# *,*
.....#.# **,** *.#* *,*
.......# *,,****.* **,*
####.#.# **,*,,,****,**
# #.#.# **,***,**,**


You could see a hell rat, a river rat and 6 rats.

Vanquished Creatures
  A giant frog (D:4)
  2 scorpions (D:4)
  A jelly (D:5)
  A quasit (D:5)
  A crimson imp (D:5)
  A hound (D:4)
  An orc priest (D:4)
  2 worker ants
  2 giant frog skeletons
  An orc wizard (D:4)
  2 adders
  4 gnolls (D:4)
  2 river rats (D:5)
  A giant mite (D:5)
  A worm (D:4)
  An adder skeleton (D:5)
  4 giant geckos
  3 oozes (D:5)
  8 orcs
  3 ball pythons
  2 bat skeletons (D:4)
  A giant cockroach (D:2)
  6 goblins
  16 hobgoblins
  4 jackals (D:5)
  14 bats
  A giant cockroach zombie (D:5)
  A giant gecko skeleton (D:4)
  7 giant newts
  9 kobolds
  4 quokkas
  A quokka skeleton (D:5)
  10 rats
118 creatures vanquished.

Notes
Turn   | Place    | Note
--------------------------------------------------------------
     0 | D:1      | Chiseanne, the Mummy Monk, began the quest for the Orb.
     0 | D:1      | Reached XP level 1. HP: 18/18 MP: 1/1
   730 | D:1      | Reached XP level 2. HP: 24/24 MP: 2/2
  1333 | D:2      | Reached XP level 3. HP: 24/30 MP: 3/3
  1574 | D:2      | Reached skill level 4 in Fighting
  1585 | D:2      | Reached skill level 1 in Armour
  1780 | D:2      | Found a sparkling altar of Nemelex Xobeh.
  2657 | D:3      | Found a glowing golden altar of the Shining One.
  2668 | D:4      | Found a shattered altar of Ashenzari.
  2672 | D:4      | Reached XP level 4. HP: 37/37 MP: 4/4
  3381 | D:4      | Reached XP level 5. HP: 36/43 MP: 5/5
  3556 | D:4      | Noticed a giant frog
  3571 | D:4      | Killed a giant frog
  3571 | D:4      | Reached skill level 5 in Fighting
  3782 | D:4      | Reached XP level 6. HP: 8/51 MP: 6/6
  4051 | D:4      | Reached skill level 1 in Evocations
  4125 | D:4      | Found a white marble altar of Elyvilon.
  4142 | D:4      | Noticed a scorpion
  4160 | D:4      | Killed a scorpion
  5096 | D:5      | Entered Level 5 of the Dungeon
  5136 | D:5      | Found a viscous altar of Jiyva.
  5298 | D:5      | Found a staircase to the Ecumenical Temple.
  5316 | Temple   | Entered the Ecumenical Temple
  5365 | Temple   | Became a worshipper of Gozag Ym Sagoz the Greedy
  5480 | D:5      | Reached XP level 7. HP: 45/56 MP: 8/8
  5563 | D:5      | Found a sand-covered staircase.
  5567 | Ossuary  | Entered an ossuary
  6188 | D:5      | Slain by a hell rat

Action                   |  1- 3 |  4- 6 |  7- 9 || total
-------------------------+-------+-------+-------++-------
Melee: Unarmed           |   224 |   290 |       ||   514
       Flail             |       |    49 |    94 ||   143
Evoke: Wand              |       |    18 |       ||    18
  Use: Scroll            |    11 |     3 |     1 ||    15
 Stab: Paralysed         |       |    45 |       ||    45
       Sleeping          |       |     1 |       ||     1
